 Dungeon Crawl Stone Soup version 0.29.0-11-gd7f09526c8 (webtiles) character file.

Game seed: 2563277965158380230

94 lmSkywalker the Grave Robber (level 4, 0/30 HPs)
             Began as a Demonspawn Necromancer on Sept 3, 2022.
             Was an Initiate of Yredelemnul.
             Slain by Grinder (8 damage)
             ... on level 4 of the Dungeon.
             The game lasted 00:17:45 (2645 turns).

lmSkywalker the Grave Robber (DsNe)                 Turns: 2645, Time: 00:17:46

Health: 0/30       AC:  4    Str:  9    XL:     4   Next: 38%
Magic:  10/10      EV: 12    Int: 18    God:    Yredelemnul [......]
Gold:   105        SH:  0    Dex: 13    Spells: 10/11 levels left

rFire   . . .      SeeInvis .   r - +3 dagger
rCold   . . .      Faith    .   (no shield)
rNeg    . . .      Spirit   .   a - +0 robe
rPois   .          Reflect  .   (no helmet)
rElec   .          Harm     .   (no cloak)
rCorr   .          Rampage  .   (no gloves)
Will    .....                   (no boots)
Stlth   ++........              (no amulet)
HPRegen 0.10/turn               (no ring)
MPRegen 0.12/turn               (no ring)

@: no status effects
A: slimy green scales 1, spiny 1
a: Renounce Religion, Recall Undead Harvest


You were on level 4 of the Dungeon.
You worshipped Yredelemnul.
Yredelemnul was noncommittal.
You visited 1 branch of the dungeon, and saw 4 of its levels.

You collected 105 gold pieces.

Inventory:

Hand Weapons
 r - a +3 dagger (weapon)
Missiles
 d - 15 poisoned darts
 i - 49 stones
 j - 4 throwing nets
Armour
 a - a +0 robe (worn)
 e - a scarf of resistance
 s - a +0 buckler
Scrolls
 c - 2 scrolls of magic mapping {unknown}
 g - 2 scrolls of identify {unknown}
 k - 2 scrolls of blinking {unknown}
 l - a scroll of butterflies {unknown}
 m - a scroll of noise {unknown}
 n - a scroll of teleportation {unknown}
 t - a scroll of immolation {unknown}
 u - a scroll of vulnerability {unknown}
Potions
 b - a potion of magic
 f - 3 potions of attraction {unknown}
 h - a potion of berserk rage {unknown}
 o - 3 potions of curing {unknown}
 p - a potion of haste {unknown}
 q - a potion of invisibility {unknown}


   Skills:
 - Level 1.7 Dodging
 - Level 1.7 Stealth
 + Level 4.2 Spellcasting
 - Level 4.5 Necromancy


You had 10 spell levels left.
You knew the following spells:

 Your Spells              Type           Power      Damage    Failure   Level
a - Necrotise             Necr           80%        1d8       2%          1

Your spell library contained the following spells:

 Spells                   Type           Power      Damage    Failure   Level
 Vampiric Draining        Necr           20%        2d7       7%          3
 Sandblast                Erth           6%         2d5       14%         1
 Passwall                 Tmut/Erth      2%         N/A       22%         2
 Stone Arrow              Conj/Erth      6%         3d7       41%         3
 Agony                    Necr           20%        N/A       52%         5
 Animate Dead             Necr           Unusable   N/A       N/A         4

Dungeon Overview and Level Annotations

Branches:
Dungeon (4/15)
 Temple: D:4-7

Altars:
Yredelemnul

Annotations:
D:2 exclusions: gnoll and 1 more exclusion
D:4 Grinder


Innate Abilities, Weirdness & Mutations

You are partially covered in slimy green scales. (AC +2)
You are partially covered in sharp spines.


Message History

The kobold writhes in agony.
You kill the kobold!
You now have 105 gold pieces (gained 3).
There is an open door here.
There is a basalt altar of Yredelemnul here.
You kneel at the altar of Yredelemnul.
Yredelemnul welcomes you!
You can now reap souls.
You can now recall your undead harvest.
There is an open door here.
Found a scroll labelled HEFIEPSUASM.
l - a scroll labelled CEPPUI ACROG
u - a scroll labelled HEFIEPSUASM Your kobold skeleton crumbles into dust!
Grinder comes into view.
Grinder is nearby!
Grinder is nearby!
Grinder shouts!
Grinder blinks!
You can't see any susceptible monsters within range! (Use Z to cast anyway.)
You hit Grinder.
Grinder is lightly wounded.
Grinder blinks!
You start waiting.
Grinder is nearby!
Grinder is struck by your spines. Grinder hits you!
You writhe in agony.
You hit Grinder.
Grinder is moderately wounded.
Grinder closely misses you.
You barely miss Grinder.
Grinder is moderately wounded.
An ufetubus comes into view.
Grinder is struck by your spines. Grinder hits you!
* * * LOW HITPOINT WARNING * * *
You writhe in agony.
* * * LOW HITPOINT WARNING * * *
You hit Grinder.
Grinder is moderately wounded.
Grinder hits you!
You die...
Your body rises from the dead as a mindless zombie.

######## #......#######
#............# #####............#
###.....#..........#
####...##..#..........#
###......###..##@....#+#..# ....
####......5.....'_+..####
.#####....#..###.....#'#......
..........................#######
####.......5.....................
######.....#.....5.........)#
###.......##............##..
##.........#.#..........#.#
##...#.......#.##......##.#..


You could see Grinder and an ufetubus.

Vanquished Creatures
  2 adders (D:3)
  A gnoll (D:2)
  2 worms
  A dart slug (D:1)
  6 ball pythons
  3 bats (D:1)
  5 endoplasms
  2 giant cockroaches
  3 goblins
  4 jackals (D:3)
  12 kobolds
  4 quokkas
  5 frilled lizards
  2 rats (D:1)
52 creatures vanquished.

Vanquished Creatures (collateral kills)
  A goblin (D:1)
  A hobgoblin (D:1)
  A frilled lizard (D:2)
3 creatures vanquished.

Grand Total: 55 creatures vanquished

Notes
Turn   | Place    | Note
-------+----------+-------------------------------------------
     0 | D:1      | lmSkywalker the Demonspawn Necromancer began the quest for
                  | the Orb.
     0 | D:1      | Reached XP level 1. HP: 13/13 MP: 3/3
   233 | D:1      | Gained mutation: You are partially covered in sharp spines.
                  | [demonic ancestry]
   233 | D:1      | Reached XP level 2. HP: 19/19 MP: 3/5
   733 | D:1      | Reached XP level 3. HP: 24/24 MP: 5/7
  1360 | D:2      | Found a faded altar of an unknown god.
  1887 | D:3      | Gained mutation: You are partially covered in slimy green
                  | scales. (AC +2) [demonic ancestry]
  1887 | D:3      | Reached XP level 4. HP: 29/30 MP: 4/9
  2587 | D:4      | Found a basalt altar of Yredelemnul.
  2613 | D:4      | Became a worshipper of Yredelemnul the Dark
  2631 | D:4      | Noticed Grinder
  2645 | D:4      | Slain by Grinder

Illustrated notes

Levels and vault maps discovered:
D:1:      roderic_dead_forest, layout_rooms, minmay_small_reverse_x
D:2:      layout_basic, shapermc_ecumenical_altar_venn,
          minmay_misc_feat_more_columns
D:3:      layout_basic
D:4:      layout_rooms, kennysheep_mini, serial_shops, nicolae_diamond_shop,
          minmay_misc_feat_secret_circle, uniq_crazy_yiuf_cottage, uniq_grinder

Skill      XL: |  1  2  3  4 |
---------------+-------------+-----
Spellcasting   | 3 4 |  4.2
Dodging        | |  1.7
Stealth        | |  1.7
Necromancy     | |  4.5

Action                   |  1- 3 |  4- 6 || total
-------------------------+-------+-------++-------
Melee: Unarmed           |     3 |       ||     3
       Dagger            |    21 |    14 ||    35
       Punch             |     1 |       ||     1
 Cast: Necrotise         |    60 |    21 ||    81
 Stab: Distracted        |     1 |       ||     1
Armor: Robe              |     2 |     1 ||     3
Dodge: Dodged            |    15 |     4 ||    19
